 Dungeon Crawl Stone Soup version 0.31-a0-1163-gcee99d1eea (webtiles) character file.

Game seed: 17862003512766742292

18 drugrobin the Sneak (level 2, -8/25 HPs)
             Began as a Demigod Delver on Dec 9, 2023.
             Mangled by a mummy (10 damage)
             ... in an ossuary.
             The game lasted 00:03:30 (498 turns).

drugrobin the Sneak (Demigod Delver)                 Turns: 498, Time: 00:03:31

Health: -8/25      AC:  3    Str: 13    XL:     2   Next: 36%
Magic:  4/4        EV: 11    Int: 12    God:
Gold:   10         SH:  0    Dex: 15    Spells: 1/1 levels left

rFire   . . .        b - +0 dagger (venom)
rCold   . . .        (no shield)
rNeg    . . .        a - +0 leather armour
rPois   .            (no helmet)
rElec   .            (no cloak)
rCorr   .            (no gloves)
SInv    .            (no boots)
Will    .....        (no amulet)
Stlth   +++          (no ring)
HPRegen 0.24/turn    (no ring)
MPRegen 0.09/turn

%: no passive effects
@: attractive
A: high MP 1, forlorn, divine attributes, inability to read after injury 1
a: no special abilities


You were in an ossuary.
You visited 1 branch of the dungeon, and saw 3 of its levels.
You also visited: Ossuary.

You collected 10 gold pieces.

Inventory:

Hand Weapons
 b - a +0 dagger of venom (weapon)
Missiles
 e - 7 stones
 h - 2 boomerangs
Armour
 a - a +0 leather armour (worn)
 c - a +0 plate armour
Wands
 f - a wand of digging (2)
Scrolls
 d - a scroll of fog
 i - 3 scrolls of silence {unknown}
 j - a scroll of fear
Potions
 g - a potion of curing {unknown}
 k - a potion of attraction


   Skills:
 - Level 2.6 Fighting
 - Level 1.7 Dodging
 - Level 4.5 Stealth
 + Level 2.9 Unarmed Combat


You had one spell level left.
You didn't know any spells.
Your spell library was empty.

Dungeon Overview and Level Annotations

Branches:
Dungeon (5/15)            Ossuary (1/1)
 Temple: D:4-7

Annotations:
D:4 exclusion: iguana, Edmund


Innate Abilities, Weirdness & Mutations

You have an increased reservoir of magic. (+10% MP)
You shall have no god before yourself.
Your divine heritage dramatically boosts your attributes as you level up.
You occasionally lose the ability to read scrolls when taking damage.


Message History

Unknown command.
Unknown command.
Unknown command.
Unknown command.
Unknown command.
Unknown command.
You open the door. The adder zombie bites you.
The adder zombie bites you but does no damage.
Unknown command.
The adder zombie attacks as it pursues you!
The adder zombie barely misses you.
The adder zombie attacks as it pursues you!
The adder zombie barely misses you.
There is an open door here.
Unknown command.
Unknown command.
Unknown command.
You see here 2 coppery potions.
Unknown command.
k - 2 coppery potions The mummy hits you!
Ouch! That really hurt!
* * * LOW HITPOINT WARNING * * *
Unknown command.
It was a potion of attraction.
You feel attractive to monsters.
The human zombie is attracted toward you. x2
The hobgoblin zombie is attracted toward you.
Unknown command.
It was a potion of mutation.
You feel extremely strange.
You occasionally lose the ability to read scrolls when taking damage.
The mummy barely misses you.
Unknown command.
Unknown command.
The mummy is attracted toward you.
The kobold zombie is attracted toward you.
You see here a bubbling pink potion.
g - a bubbling pink potion The mummy hits you!
You die...

#..#.....Z........
#.................
#.....##..........
#.....##..........
#.................
#.ZZZ.............
###ZZZ.......#####
#!M#Z...........
#@!#ZZ.........∩.
#################


You could see a mummy, 2 adder zombies, a hound zombie, a hobgoblin zombie, a
gnoll zombie, a kobold zombie and 3 human zombies.

Vanquished Creatures
  A gnoll (D:5)
  A worm (D:4)
  A hobgoblin (D:4)
  2 kobolds (D:4)
  A quokka (D:4)
  A ball python (D:4)
7 creatures vanquished.

Notes
Turn   | Place    | Note
-------+----------+-------------------------------------------
     0 | D:5      | drugrobin the Demigod Delver began the quest for the Orb.
     0 | D:5      | Reached XP level 1. HP: 18/18 MP: 3/3
   160 | D:4      | Reached XP level 2. HP: 8/25 MP: 4/4
   329 | D:4      | Found a sand-covered staircase.
   333 | D:4      | Noticed Edmund
   477 | D:4      | Noticed an ogre
   479 | Ossuary  | Entered an ossuary
   496 | Ossuary  | Gained mutation: You occasionally lose the ability to read
                  | scrolls when taking damage. [potion of mutation]
   498 | Ossuary  | Mangled by a mummy

Illustrated notes

Levels and vault maps discovered:
D:3:      layout_basic, serial_shops, nicolae_shop_scrapyard,
          saegor_snake_ambush
D:4:      layout_loops_cross, nicolae_ossuary_entry_monument,
          nrook_mini_backslash, minmay_misc_feat_square, hangedman_decor_lopped,
          serial_park_tiny_1, uniq_edmund
D:5:      wander_river, layout_loops_ring, nicolae_vehumet_altar_sigil,
          mainiacjoe_overflow_alcove_4, amethyst_overflow_temple_binary,
          patterned_corridor
Ossuary:  ossuary_minmay_tomb_2a

Skill      XL: |  1 |
---------------+----+-----
Unarmed Combat | 2 |  2.9
Fighting       | |  2.6
Dodging        | |  1.7
Stealth        | |  4.5

Action                     || total
---------------------------++-------
  Melee: Unarmed           ||    31
         Dagger            ||    11
  Evoke: Wand              ||     1
    Use: Scroll            ||     2
         Potion            ||     3
   Stab: Sleeping          ||     1
 Armour: Leather armour    ||    27
  Dodge: Dodged            ||    26

Table legend: (Time is in decaauts)
 A = Elapsed time spent in this place.
 B = Non-inter-level travel time spent in this place.
 C = Inter-level travel time spent in this place.
 D = Time resting spent in this place.
 E = Time spent auto-exploring this place.
 F = Levels seen in this place.
 G = Mean time per level.
                   A        B        C        D        E       F      G
               +--------+--------+--------+--------+--------+-----+--------+
         Total |    490 |    475 |     15 |      0 |    112 |   4 |  122.5 |
       Dungeon |    472 |    457 |     15 |      0 |    112 |   3 |  157.3 |
       Ossuary |     18 |     18 |      0 |      0 |      0 |   1 |   18.0 |
               +--------+--------+--------+--------+--------+-----+--------+

Top non-repeatable levels by time:
     D:4: 300 daAuts
     D:3: 116 daAuts
     D:5: 55 daAuts
 Ossuary: 18 daAuts
